 Dungeon Crawl Stone Soup version 0.32-a0-918-g0f22ef8d61 (webtiles) character file.

Game seed: 10265086010260420696

646826 Esekla the Sorcerer (level 27, -7/221 HPs)
             Began as a Mountain Dwarf Warper on Apr 8, 2024.
             Was an Initiate of Gozag.
             Killed from afar by a white draconian stormcaller (26 damage)
             ... led by Tiamat
             ... on level 5 of the Realm of Zot on Apr 11, 2024.
             The game lasted 14:39:50 (112028 turns).

Esekla the Sorcerer (Mountain Dwarf Warper)       Turns: 112028, Time: 14:39:51

Health: -7/221     AC: 47    Str: 16    XL:     27
Magic:  50/58      EV:  3    Int: 34    God:    Gozag
Gold:   6006       SH: 14    Dex: 19    Spells: 1/71 levels left

rFire   + + .        a - +18 lance "Wyrmbane" {slay drac, rPois rF+ rC+ AC+3}
rCold   . . .        V - +0 kite shield {rN+}
rNeg    + + .        g - +8 orange crystal plate armour {Archmagi, Int+3 Clar}
rPois   +            M - +2 hat {Stlth+}
rElec   +            R - +2 cloak "Giteylas" {rPois rC- MP+9 Int+3}
rCorr   +            z - +2 pair of gloves {hurl}
SInv    .            w - +2 pair of boots of Ocsec {Fly rN+ Will- Dex+7}
Will    +....        v - amulet of magic regeneration Stlth
                     A - ring of the Mage {Wiz Archmagi}
HPRegen 0.56/turn    t - ring of Kusyacin {rElec rF+ rCorr Int+3}
MPRegen 0.76/turn

%: clarity, wizardry (x1), archmagi
@: lethally poisoned (-7 -> -10), frozen, gold aura, on blink cooldown, flying,
very slightly contaminated, studying Shields, very slow
A: runic magic, artefact enchanting, hooves 1, horns 2, agile 1, clever 1, frail
1, weak 1, evolution 1, persistent drain
}: 4/15 runes: decaying, slimy, silver, gossamer
a: Renounce Religion, Potion Petition, Call Merchant, Bribe Branch


You were on level 5 of the Realm of Zot.
You worshipped Gozag.
Gozag was greatly pleased with you.
You visited 12 branches of the dungeon, and saw 56 of its levels.
You visited the Abyss 3 times.
You also visited: Ossuary and Gauntlet.

You collected 32950 gold pieces.
You spent 12823 gold pieces at shops.
You paid 14121 gold pieces to Gozag.

Inventory:

Hand Weapons
 a - the +18 lance "Wyrmbane" (weapon) {slay drac, rPois rF+ rC+ AC+3}
   (You bought it in a shop on level 1 of the Vaults)

   AC+3:      It affects your AC (+3).
   rF+:       It protects you from fire.
   rC+:       It protects you from cold.
   rPois:     It protects you from poison.
 e - the +6 broad axe of Pyosma {elec, rPois rF++ rCorr Int-5}
   (You bought it in a shop on level 9 of the Dungeon)

   Int-5:     It affects your intelligence (-5).
   rF++:      It greatly protects you from fire.
   rPois:     It protects you from poison.
   rCorr:     It protects you from acid and corrosion.
 f - the +5 broad axe of Responsibility {flame, rElec Str+3 Dex+5}
   (You acquired it on level 15 of the Dungeon)

   Str+3:     It affects your strength (+3).
   Dex+5:     It affects your dexterity (+5).
   rElec:     It insulates you from electricity.
 s - the +5 dagger "Kykkypt" {elec, rCorr SInv}
   (You found it on level 11 of the Dungeon)

   SInv:      It lets you see invisible.
   rCorr:     It protects you from acid and corrosion.
 x - a +1 vampiric war axe
Missiles
 u - 36 poisoned darts
 L - 7 boomerangs (quivered)
 U - 9 curare-tipped darts
 Z - 4 silver javelins
Armour
 g - the +8 orange crystal plate armour (worn) {Archmagi, Int+3 Clar}
   (You bought it in a shop on level 3 of the Vaults)

   Int+3:     It affects your intelligence (+3).
   Clar:      It protects you from confusion, rage, mesmerisation and fear.
 q - the +2 pair of boots of the Mantidfly {Fly rElec}
   (You bought it in a shop on level 15 of the Dungeon)

   rElec:     It insulates you from electricity.
   Fly:       It grants you flight.
 w - the +2 pair of boots of Ocsec (worn) {Fly rN+ Will- Dex+7}
   (You found it on level 10 of the Dungeon)

   Dex+7:     It affects your dexterity (+7).
   rN+:       It protects you from negative energy.
   Will-:     It decreases your willpower.
   Fly:       It grants you flight.
 z - a +2 pair of gloves of hurling (worn)
 F - the +4 skin of Zhor {*Englaciate rC+++ SInv}
   (You bought it in a shop on level 11 of the Dungeon)

   *Englaciate: It radiates cold, occasionally slowing all nearby creatures who
   are not resistant to cold.
   rC+++:     It renders you almost immune to cold.
   SInv:      It lets you see invisible.
 M - a +2 hat of stealth (worn)
 R - the +2 cloak "Giteylas" (worn) {rPois rC- MP+9 Int+3}
   (You found it on level 10 of the Dungeon)

   Int+3:     It affects your intelligence (+3).
   rC-:       It makes you vulnerable to cold.
   rPois:     It protects you from poison.
   MP+9:      It affects your magic capacity (+9).
 V - a +0 kite shield of positive energy (worn)
Jewellery
 m - the amulet of Qegg {Regen+ rCorr Dex+6}
   (You found it on level 3 of the Elven Halls)

   [amulet of regeneration]

   Dex+6:     It affects your dexterity (+6).
   Regen+:    It increases your rate of health regeneration.
   rCorr:     It protects you from acid and corrosion.
 t - the ring of Kusyacin (right hand) {rElec rF+ rCorr Int+3}
   (You took it off a vampire knight on level 1 of the Realm of Zot)

   [ring of protection from fire]

   Int+3:     It affects your intelligence (+3).
   rF+:       It protects you from fire.
   rElec:     It insulates you from electricity.
   rCorr:     It protects you from acid and corrosion.
 v - an amulet of magic regeneration (around neck)
 A - the ring of the Mage (left hand) {Wiz Archmagi}
   (You bought it in a shop on level 1 of the Dungeon)

   [ring of wizardry]

   Wiz:       It improves your spell success rate.
   Archmagi:  It increases the power of your magical spells.
 C - a ring of protection from fire
 N - an amulet of reflection
 W - a ring of ice
Wands
 d - a wand of mindburst (12)
 h - a wand of quicksilver (20)
 i - a wand of paralysis (54)
 y - a wand of flame (95)
 I - a wand of digging (7)
 S - a wand of iceblast (45)
Scrolls
 b - a scroll of fear
 c - 2 scrolls of blinking
 j - 6 scrolls of fog
 k - 4 scrolls of enchant weapon
 B - 11 scrolls of revelation
 G - 7 scrolls of poison
 H - 5 scrolls of silence
 K - 4 scrolls of teleportation
Potions
 l - 5 potions of haste
 n - 6 potions of ambrosia
 o - 10 potions of attraction
 p - a potion of magic
 r - a potion of berserk rage
 D - 12 potions of heal wounds
 E - 3 potions of might
 J - 6 potions of brilliance
 O - 3 potions of cancellation
 P - 7 potions of invisibility
 Q - 14 potions of curing
 Y - 2 potions of resistance
Miscellaneous
 T - a lightning rod (4/4)
 X - a Gell's gravitambourine (2/2)


   Skills:
 + Level 20.2 Fighting
 + Level 2.9 Short Blades
 + Level 14.4(16.7) Axes
 - Level 11.8(14.0) Polearms
 + Level 5.7 Throwing
 + Level 15.5 Armour
 + Level 6.1 Dodging
 + Level 4.3 Stealth
 + Level 14.4 Shields
 * Level 22.7 Spellcasting
 + Level 12.5 Conjurations
 * Level 12.0 Necromancy
 + Level 8.6 Translocations
 + Level 8.5 Fire Magic
 + Level 13.2 Ice Magic
 + Level 8.6 Air Magic
 * Level 11.0 Earth Magic
 + Level 12.8 Alchemy
 + Level 1.3 Evocations


You had one spell level left.
You knew the following spells:

 Your Spells              Type           Power      Damage    Failure   Level
b - Blink                 Tloc           100%       N/A       1%          2
c - Mephitic Cloud        Conj/Alch/Air  100%       N/A       1%          3
d - Vampiric Draining     Necr           100%       2d13      1%          3
e - Lee's Rapid Deconstr  Erth           65%        3d30*     1%          5
g - Ozocubu's Refrigerat  Ice            69%        4d22      6%          7
h - Vhi's Electric Charg  Tloc/Air       100%       N/A       1%          4
i - Irradiate             Conj/Alch      68%        3d34      1%          5
l - Iskenderun's Mystic   Conj/Tloc      100%       2d19      (+2d11%     4
n - Ignite Poison         Fire/Alch      100%       N/A       1%          4
o - Orb of Destruction    Conj           67%        9d16      9%          7
p - Apportation           Tloc           100%       N/A       1%          1
r - Frozen Ramparts       Ice            100%       1d16      1%          3
u - Dispel Undead         Necr           100%       3d31      1%          4
v - Mercury Vapours       Alch/Air       100%       N/A       1%          2
w - Fugue of the Fallen   Necr           100%       N/A       1%          3
x - Olgreb's Toxic Radia  Alch           100%       N/A       1%          4
y - Sticky Flame          Fire/Alch      100%       2d15      1%          4
z - Freezing Cloud        Conj/Ice/Air   66%        6-21      1%          5

Your spell library contained the following spells:

 Spells                   Type           Power      Damage    Failure   Level
 Freeze                   Ice            100%       1d10      0%          1
 Magic Dart               Conj           100%       1d8       0%          1
 Sting                    Conj/Alch      100%       1d9       0%          1
 Foxfire                  Conj/Fire      100%       2x1d9     1%          1
 Kiss of Death            Conj/Necr      100%       2d13      1%          1
 Necrotise                Necr           100%       1d9       1%          1
 Sandblast                Erth           100%       2d20      1%          1
 Summon Small Mammal      Summ           100%       N/A       1%          1
 Ensorcelled Hibernation  Hex/Ice        100%       N/A       1%          2
 Lesser Beckoning         Tloc           100%       N/A       1%          2
 Scorch                   Fire           100%       2d9       1%          2
 Searing Ray              Conj           100%       2d8       1%          2
 Sublimation of Blood     Necr           100%       N/A       1%          2
 Dazzling Flash           Conj/Hex       100%       N/A       1%          3
 Hailstorm                Conj/Ice       100%       3d16      1%          3
 Inner Flame              Hex/Fire       100%       N/A       1%          3
 Maxwell's Portable Pile  Tloc           100%       2d(15-43) 1%          3
 Ozocubu's Armour         Ice            100%       N/A       1%          3
 Passwall                 Erth           100%       N/A       1%          3
 Stone Arrow              Conj/Erth      100%       3d13      1%          3
 Summon Ice Beast         Ice/Summ       100%       N/A       1%          3
 Swiftness                Air            100%       N/A       1%          3
 Teleport Other           Tloc           100%       N/A       1%          3
 Volatile Blastmotes      Fire/Tloc      100%       2d18      1%          3
 Anguish                  Hex/Necr       54%        N/A       1%          4
 Animate Armour           Summ/Erth      100%       N/A       1%          4
 Brom's Barrelling Bould  Conj/Erth      100%       2d11      1%          4
 Flame Wave               Conj/Fire      100%       2d21      1%          4
 Fulminant Prism          Conj/Alch      68%        3d28      1%          4
 Leda's Liquefaction      Alch/Erth      66%        N/A       1%          4
 Martyr's Knell           Necr/Summ      100%       N/A       1%          4
 Petrify                  Alch/Erth      100%       N/A       1%          4
 Borgnjor's Vile Clutch   Necr/Erth      66%        N/A       1%          5
 Curse of Agony           Necr           100%       N/A       1%          5
 Fireball                 Conj/Fire      64%        3d24      1%          5
 Iskenderun's Battlesphe  Conj           100%       2d15      1%          5
 Bombard                  Conj/Erth      66%        9d11      1%          6
 Death Channel            Necr           67%        N/A       1%          6
 Permafrost Eruption      Ice/Erth       67%        2x4d15    1%          6
 Sculpt Simulacrum        Ice/Alch       68%        N/A       1%          6
 Call Imp                 Summ           100%       N/A       2%          2
 Jinxbite                 Hex            100%       N/A       2%          2
 Dimensional Bullseye     Hex/Tloc       50%        N/A       2%          4
 Summon Blazeheart Golem  Fire/Summ      100%       N/A       2%          4
 Yara's Violent Unravell  Hex/Alch       55%        3d21      3%          5
 Conjure Ball Lightning   Conj/Air       64%        3x3d23    3%          6
 Starburst                Conj/Fire      64%        6d17      3%          6
 Call Canine Familiar     Summ           72%        N/A       4%          3
 Confusing Touch          Hex            72%        N/A       4%          3
 Tukima's Dance           Hex            72%        N/A       4%          3
 Summon Forest            Summ/Tloc      50%        N/A       8%          5
 Dispersal                Tloc           60%        N/A       8%          6
 Gell's Gavotte           Tloc           60%        2d(38-57) 8%          6
 Plasma Beam              Fire/Air       60%        2x1d76    8%          6
 Manifold Assault         Tloc           60%        N/A       38%         7
 Summon Mana Viper        Hex/Summ       72%        N/A       41%         5
 Infestation              Necr           67%        N/A       58%         8
 Lehudib's Crystal Spear  Conj/Erth      66%        10d15     61%         8
 Spellforged Servitor     Conj/Summ      55%        N/A       69%         7
 Haunt                    Necr/Summ      54%        N/A       71%         7
 Malign Gateway           Summ/Tloc      50%        N/A       90%         7
 Summon Cactus Giant      Summ           36%        N/A       91%         6
 Disjunction              Tloc           60%        N/A       95%         8
 Maxwell's Capacitive Co  Air            60%        ∞         95%         8
 Ignition                 Fire           60%        3d16      96%         8
 Monstrous Menagerie      Summ           36%        N/A       100%        7
 Discord                  Hex            36%        N/A       100%        8
 Summon Horrible Things   Summ           36%        N/A       100%        8
 Death's Door             Necr           67%        N/A       100%        9
 Animate Dead             Necr           Unusable   N/A       N/A         4

Dungeon Overview and Level Annotations

Branches:
Dungeon (15/15)            Temple (1/1) D:5            Lair (5/5) D:11
  Swamp (4/4) Lair:2       Spider (4/4) Lair:3        Slime (5/5) Lair:4
    Orc (2/2) D:9             Elf (3/3) Orc:2        Vaults (5/5) D:14
  Crypt (3/3) Vaults:2       Tomb (0/3) Crypt:3      Depths (4/4) D:15
    Zot (5/5) Depths:4    Ossuary (visited)         Gauntlet (visited)

Altars:
Ashenzari
Cheibriados
Dithmenos
Elyvilon
Fedhas
Gozag
Hepliaklqana
Kikubaaqudgha
Makhleb
Nemelex Xobeh
Okawaru
Qazlal
Ru
Sif Muna
Trog
Uskayaw
Vehumet
Wu Jian
Xom
Yredelemnul
Zin
The Shining One
Jiyva
Lugonu

Shops:
D:1 =   D:9 [(   D:11 :[   D:15 [[??*   Orc:2 ((!(   Vaults:1 (   Vaults:3 [
Vaults:5 =[*?!!:=   Depths:4 [[

Portals:
Hell: Depths:1 Depths:2 Depths:3 Depths:4
Abyss: Depths:3 Depths:4
Pandemonium: Depths:2
Ziggurat: Depths:4

Annotations:
Vaults:3 8 runed translucent doors, Jyghoireu's ghost, veteran HOMo
Crypt:1 3 runed translucent doors, Xisuak's ghost, veteran GrEE
Crypt:3 bone dragon
Zot:1 4 transporters
Zot:5 Tiamat


Innate Abilities, Weirdness & Mutations

Your spellcasting is much less encumbered by armour.
You can use scrolls of enchantment on lesser artefacts.
You have large cloven feet.
You have a pair of horns on your head.
You are agile. (Dex +4, Str/Int -1)
Your mind is acute. (Int +4, Str/Dex -1)
You are frail. (-10% HP)
You are weak. (Str -2)
You have hidden genetic potential.
Your health recovers twice as slowly from being drained.


Message History

You feel very sick.
You hear a roar!
The white draconian stormcaller is engulfed in freezing vapours.
The green draconian is engulfed in freezing vapours.
The green draconian seems to slow down.
The death drake is distracted by your dazzling golden aura.
The lindwurm is engulfed in freezing vapours.
You feel very sick.
The white draconian stormcaller is engulfed in poison gas.
The white draconian stormcaller is poisoned.
The white draconian stormcaller mumbles some strange prayers to Qazlal against you.
The blast of ice hits you!!
* * * LOW HITPOINT WARNING * * *
You are encased in ice.
The yellow draconian annihilator is engulfed in freezing vapours.
The yellow draconian annihilator seems to slow down.
The green draconian is engulfed in freezing vapours.
You feel very sick.
The lindwurm is engulfed in freezing vapours.
The lindwurm is distracted by your dazzling golden aura.
The white draconian stormcaller looks even sicker.
The white draconian stormcaller breathes frost at you.
The blast of cold hits you but does no damage.
The lindwurm is engulfed in freezing vapours.
The lindwurm roars!
The yellow draconian annihilator is engulfed in freezing vapours.
The yellow draconian annihilator is distracted by your dazzling golden aura.
The green draconian is engulfed in freezing vapours.
You feel very sick.
Casting: Irradiate (mildly dangerous; 1% risk of failure)
Confirm with . or Enter, or press ? or * to list all spells.
You feel a strong surge of power!
You blink.
A red draconian and a black draconian come into view.
The red draconian is wielding a +0 battleaxe of venom.
You feel sick.
The green draconian is distracted by your dazzling golden aura.
The white draconian stormcaller invokes the aid of Qazlal against you.
The blast of magma engulfs you!! You partially resist.
You die...
Your body crumbles into a pile of gold.

###### #....# ####....#
.... ..##....##### ......
..##........# ......
...⌠##......#######......
..#............≈@...d...
..####.....§####.≈.....#
..# #......####$..d#####
### ######..○°qqdk......
#.####dk..#### #.# #d...#
#.# ##....# ###.###.....#
#....##.d.###


You could see Tiamat, a black draconian, a green draconian (unaware, slow), 2
draconians, a white draconian stormcaller (very poisoned, catching breath,
misshapen), a yellow draconian annihilator (slow), a death drake (summoned) and
a lindwurm (summoned).

Vanquished Creatures
  the Royal Jelly (Slime:5)
  Dissolution (Slime:3)
  Frederick (Depths:3)
  7 dread liches
  Mennas (Vaults:4)
  An orb of fire (Zot:2)
  Xtahua (Crypt:3)
  Sojobo (Crypt:1)
  Boris (Depths:4)
  A Killer Klown (Zot:4)
  Saint Roka (Vaults:3)
  A curse toe (Zot:5)
  3 golden dragons
  2 profane servitors (Crypt:3)
  4 bone dragons
  A shard shrike zombie (Crypt:3)
  A hellephant (Depths:3)
  A Hell Sentinel (Abyss:4)
  Rupert (D:14)
  3 liches
  16 tentacled monstrosities
  Mlioglotl (Swamp:4)
  6 quicksilver dragons
  2 deep elf master archers (Elf:3)
  2 deep elf blademasters (Elf:3)
  3 titans
  6 sphinxes
  27 acid blobs
  3 tentacled starspawn
  2 ancient champions
  16 storm dragons
  8 death cobs
  9 tengu reavers
  7 shadow dragons
  A thorn hunter (Swamp:3)
  Aizul (Swamp:4)
  4 revenants
  13 protean progenitors
  5 azure jellies
  2 fenstrider witches (Swamp:3)
  14 rockslimes
  6 draconian monks
  22 vault wardens
  11 fire giants
  6 draconian knights
  5 emperor scorpions (Spider:4)
  6 draconian shifters
  Louise (Swamp:4)
  9 frost giants
  4 curse skulls
  6 deep elf sorcerers
  A draconian scorcher (Zot:2)
  3 orc warlords (Vaults:4)
  2 caustic shrike zombies
  7 ghost moths
  6 draconian annihilators
  3 deep elf elementalists (Elf:3)
  An angel (Abyss:4)
  3 draconian stormcallers
  3 formless jellyfish
  12 ghouls
  A caustic shrike skeleton (Crypt:1)
  15 very ugly things
  2 reapers
  15 quicksilver oozes
  The ghost of knightboat the Basher, a journeyman MDEE of Cheibriados (Orc:2)
  16 stone giants
  21 ironbound preservers
  6 broodmothers
  The ghost of Zuruzy the Warrior, a journeyman MiBe of Trog (Elf:1)
  8 ironbound thunderhulks
  11 green draconians
  8 black draconians
  12 deep elf death magi
  2 eleionomae
  8 deep elf demonologists
  13 vampire knights
  9 deep elf annihilators
  6 white draconians
  A minotaur (Gauntlet)
  8 yellow draconians
  8 purple draconians
  2 war gargoyles (Vaults:4)
  12 dire elephants
  3 bunyips
  11 red draconians
  A mummy priest (Crypt:3)
  12 spark wasps
  11 eidola
  The ghost of Ibipan the Frost Mage, a journeyman MfIE of Vehumet (D:12)
  14 ettins
  2 crystal guardians (Vaults:4)
  Josephine (D:11)
  2 green deaths (Swamp:4)
  15 yaktaur captains
  8 entropy weavers
  39 vault guards
  Fannar (Lair:1)
  4 jiangshi (Crypt:2)
  An entropy weaver (shapeshifter) (Depths:3)
  2 fire dragons (Depths:3)
  11 hydras
  2 spriggan zombies (Crypt:3)
  10 deep elf high priests
  4 rakshasas
  19 great orbs of eyes
  8 ice dragons
  2 peacekeepers
  4 catoblepae
  6 spriggan air magi
  2 hell beasts
  A jorogumo (Spider:1)
  4 radroaches
  3 spriggan skeletons
  10 ogre magi
  13 ironbound frosthearts
  11 alligators
  A bennu zombie (Crypt:2)
  28 dancing weapons
  3 anacondas (Zot:4)
  41 two-headed ogres
  A two-headed ogre (shapeshifter) (Vaults:4)
  8 centaur warriors
  5 deep troll shamans
  5 death knights
  2 death scarabs (Gauntlet)
  7 tengu warriors
  7 boulder beetles
  10 demonic crawlers
  5 death yaks (Lair:5)
  5 vampire magi
  A quicksilver ooze zombie (Crypt:1)
  4 deep troll earth magi (Depths:1)
  4 occultists
  5 orc high priests
  3 shock serpents (Zot:3)
  A titan zombie (Crypt:3)
  Nergalle (Lair:1)
  18 deep elf knights
  7 spriggan berserkers
  9 sun demons
  Sonja (Lair:1)
  9 thrashing horrors
  A spectral catoblepas (Gauntlet)
  4 wretched stars
  3 hell knights
  4 iron trolls (Depths:1)
  2 soul eaters
  A spatial maelstrom (Abyss:4)
  A golden dragon zombie (Abyss:3)
  A storm dragon zombie (Crypt:3)
  5 goliath frogs
  A shadow wraith (Abyss:4)
  A bunyip zombie (Crypt:3)
  A fire crab (Gauntlet)
  4 pharaoh ants
  2 glowing orange brains (Depths:3)
  33 skeletal warriors
  2 skysharks
  A spectral hydra (Gauntlet)
  A mana viper (Abyss:4)
  78 deep trolls
  9 deep elf archers
  4 spriggan druids
  9 orb spiders
  7 arcanists
  9 bog bodies
  9 lindwurms
  35 phantasmal warriors
  9 swamp dragons
  7 sun moths
  Pikel (D:5)
  8 steelbarb worms
  5 flayed ghosts
  8 large abominations
  An anaconda skeleton (Crypt:1)
  15 ironbound convokers
  2 starcursed masses (Abyss:3)
  A harpy (shapeshifter) (Abyss:3)
  23 deep elf zephyrmancers
  9 necromancers
  14 orc knights
  29 ugly things
  22 deep elf pyromancers
  2 thermic dynamos (Elf:1)
  20 wolf spiders
  A shadow dragon skeleton (Crypt:1)
  2 orc sorcerers
  A goliath frog skeleton (Crypt:2)
  5 cyclopes
  12 shining eyes
  21 moths of wrath
  3 manticores
  9 will-o-the-wisps
  2 stone giant zombies
  7 meliai
  20 vault sentinels
  7 eyes of devastation
  2 apocalypse crabs (Abyss:3)
  A black mamba (shapeshifter) (D:14)
  A stone giant skeleton (Vaults:1)
  2 rust devils
  15 elephants
  5 smoke demons (Abyss:4)
  2 naga zombies
  3 black mambas
  5 orange demons
  7 torpor snails
  A gargoyle (D:10)
  15 cane toads
  3 unseen horrors
  A grey draconian zombie (Crypt:2)
  3 efreet
  6 kobold demonologists
  A naga skeleton (Abyss:4)
  14 freezing wraiths
  11 komodo dragons
  A hellion (Depths:4)
  6 rime drakes
  2 tengu conjurers
  An elf skeleton (Vaults:4)
  2 ice devils
  A black draconian zombie (Crypt:2)
  31 yaktaurs
  2 guardian mummies (Crypt:3)
  2 ancient zymes
  3 red devils
  3 merfolk (Zot:1)
  A polar bear (shapeshifter) (D:14)
  2 bloated husks (Swamp:2)
  20 trolls
  2 hellwings
  A queen bee (Lair:3)
  11 hornets
  6 tyrant leeches
  19 tarantellas
  16 blink frogs
  A polar bear (Lair:3)
  2 ettin zombies (Crypt:3)
  3 glass eyes
  2 harpy skeletons
  12 raiju
  31 jumping spiders
  19 dream sheep
  3 air elementals
  97 slime creatures
  3 human simulacra
  9 centaur simulacra
  A vampire (D:13)
  An ettin skeleton (Crypt:1)
  A naga simulacrum (Crypt:2)
  5 shadows
  4 ynoxinuls
  17 culicivoras
  6 small abominations
  An ice dragon skeleton (Crypt:1)
  5 wyverns
  2 black mamba skeletons (Crypt:1)
  4 water elementals
  60 yaks
  5 basilisks
  5 fire bats
  19 spriggans
  An ushabti (Crypt:3)
  12 wraiths
  12 golden eyes
  3 neqoxecs
  5 wargs
  2 fire elementals
  7 steam dragons
  26 vampire mosquitoes
  66 redbacks
  7 chaos spawn
  A harpy simulacrum (Crypt:1)
  16 swamp worms
  2 spatial vortices (Abyss:4)
  An acid dragon (D:9)
  16 water moccasins
  A swamp drake (Swamp:2)
  A glowing shapeshifter skeleton (Vaults:4)
  A meliai simulacrum (D:12)
  12 orc warriors
  4 sky beasts
  23 laughing skulls
  3 boggarts (Vaults:2)
  15 centaurs
  29 ogres
  21 wolves
  A rime drake zombie (Crypt:1)
  A lemure (D:5)
  A swamp dragon skeleton (Crypt:2)
  3 kobold brigands
  3 weeping skulls
  A phantom (D:6)
  9 bullfrogs
  2 elf zombies (Ossuary)
  A gnoll sergeant (D:13)
  3 earth elementals
  4 scorpions
  16 wights
  4 wyvern skeletons (Crypt:3)
  35 killer bees
  A yak zombie (Crypt:2)
  A yak skeleton (Crypt:1)
  6 howler monkeys
  3 electric eels (Elf:3)
  4 bombardier beetles
  2 quasits
  5 hounds
  6 centaur zombies
  12 jellies
  A spectral scorpion (Ossuary)
  Crazy Yiuf (D:6)
  12 orc priests
  A wyvern simulacrum (Gauntlet)
  2 gnoll boudas
  An iron imp (Abyss:3)
  Jessica (D:3)
  2 iguanas
  Terence (D:3)
  11 hell rats
  15 orc wizards
  A bullfrog simulacrum (Ossuary)
  3 mummies (Ossuary)
  An ogre skeleton (Crypt:2)
  21 gnolls
  A howler monkey skeleton (Crypt:2)
  5 adders
  2 shadow imps (Gauntlet)
  3 white imps
  8 adder zombies (Ossuary)
  3 dart slugs
  A ribbon worm (D:3)
  44 orcs
  10 ball pythons
  9 endoplasms
  2 giant cockroaches (D:1)
  10 goblins
  12 hobgoblins
  17 kobolds
  6 quokkas
  4 ball python zombies (Ossuary)
  8 bats
  A frilled lizard (D:1)
  2 gnoll zombies (Ossuary)
  A jackal skeleton (Crypt:1)
  5 jackal zombies (Ossuary)
  3 kobold zombies (Ossuary)
  2 orc zombies
  3 rats
  An aspiring flesh (Zot:2)
  A lurking horror (Abyss:4)
2605 creatures vanquished.

Vanquished Creatures (others)
  Margery (Depths:4)
  A large abomination (Abyss:4)
  A bloated husk (Swamp:1)
  An ogre (Vaults:5)
  An electric eel (Spider:2)
  An orc zombie (Ossuary)
  18 foxfires
  12 starspawn tentacles
36 creatures vanquished.

Grand Total: 2641 creatures vanquished

Notes
Turn   | Place    | Note
-------+----------+-------------------------------------------
     0 | D:1      | Esekla the Mountain Dwarf Warper began the quest for the
                  | Orb.
     0 | D:1      | Reached XP level 1. HP: 17/17 MP: 3/3
   208 | D:1      | Reached XP level 2. HP: 22/24 MP: 4/4
   275 | D:1      | Found Zunihiy's Jewellery Shop.
   530 | D:1      | Reached skill level 2 in Spellcasting
   565 | D:1      | Found a faded altar of an unknown god.
   578 | D:1      | Learned a level 2 spell: Blink
   684 | D:1      | Reached XP level 3. HP: 29/30 MP: 6/6
  1681 | D:3      | Noticed Terence
  1814 | D:3      | Noticed Jessica
  1824 | D:3      | Killed Jessica
  1825 | D:3      | Reached XP level 4. HP: 25/37 MP: 7/7
  2033 | D:3      | Learned a level 1 spell: Apportation
  2125 | D:3      | Found an opulent altar of Gozag.
  2147 | D:3      | Became a worshipper of Gozag Ym Sagoz the Greedy
  2625 | D:4      | Learned a level 4 spell: Vhi's Electric Charge
  2643 | D:4      | Reached XP level 5. HP: 31/42 MP: 8/8
  2681 | D:4      | Found a sand-covered staircase.
  2726 | Ossuary  | Entered an ossuary
  2945 | Ossuary  | Reached XP level 6. HP: 37/51 MP: 10/10
  3129 | Ossuary  | Reached skill level 1 in Air Magic
  3559 | Ossuary  | Reached skill level 5 in Axes
  3626 | Ossuary  | Reached XP level 7. HP: 33/57 MP: 11/11
  4404 | D:5      | Entered Level 5 of the Dungeon
  4575 | D:5      | Found a staircase to the Ecumenical Temple.
  4593 | D:5      | Reached skill level 3 in Spellcasting
  4627 | Temple   | Entered the Ecumenical Temple
  4952 | D:4      | Reached skill level 1 in Throwing
  5123 | D:5      | Found a glowing golden altar of the Shining One.
  5381 | D:5      | Reached XP level 8. HP: 62/66 MP: 12/12
  5473 | D:5      | Got the Lectures on Ashes
  5860 | D:6      | Noticed Pikel
  6007 | D:5      | Killed Pikel
  6008 | D:5      | Reached skill level 1 in Short Blades
  6587 | D:1      | Bought the ring of the Mage {Wiz Archmagi} for 714 gold
                  | pieces
  6587 | D:1      | Found the ring of the Mage {Wiz Archmagi}
  6592 | D:1      | Learned a level 2 spell: Searing Ray
  6597 | D:1      | Learned a level 4 spell: Dispel Undead
  6857 | D:6      | Found a basalt altar of Yredelemnul.
  6960 | D:6      | Reached skill level 5 in Armour
  7111 | D:6      | Found a radiant altar of Vehumet.
  7173 | D:6      | Reached skill level 4 in Spellcasting
  7230 | D:6      | Reached XP level 9. HP: 72/72 MP: 15/15
  7254 | D:6      | Found a runed translucent door.
  7255 | D:6      | Noticed Crazy Yiuf
  7564 | D:6      | Killed Crazy Yiuf
  7698 | D:7      | Reached skill level 1 in Necromancy
  7788 | D:6      | Reached skill level 5 in Fighting
  7788 | D:6      | Reached skill level 1 in Conjurations
  8628 | D:7      | Reached skill level 1 in Shields
  8901 | D:8      | Found a stormy altar of Qazlal.
  9428 | D:8      | Found an ornate altar of the Wu Jian Council.
  9433 | D:8      | Found an ancient bone altar of Kikubaaqudgha.
 10140 | D:9      | Reached XP level 10. HP: 63/83 MP: 8/17
 10149 | D:9      | Identified the +3 scale mail of Haunted Salvation {Fly
                  | Str+2}
 10483 | D:9      | Reached skill level 5 in Spellcasting
 10727 | D:9      | Found a staircase to the Orcish Mines.
 10751 | D:9      | HP: 4/84 [warg (17)]
 11136 | D:9      | You fall into a shaft and drop 3 floors!
 11412 | D:10     | Entered Level 10 of the Dungeon
 11412 | D:10     | Noticed an orange demon
 11412 | D:10     | Noticed a rust devil
 11447 | D:11     | Noticed a two-headed ogre
 11448 | D:11     | Noticed a brown ugly thing
 11462 | D:11     | Identified the +5 dagger "Kykkypt" {elec, rCorr SInv}
 11969 | D:12     | Found a runed translucent gate.
 11969 | D:12     | Found a runed translucent gate.
 11969 | D:12     | Found a runed translucent gate.
 12354 | D:12     | Noticed a cyan ugly thing
 12374 | D:12     | Noticed a cyclops
 12626 | D:11     | Found a staircase to the Lair.
 12651 | D:11     | Noticed a two-headed ogre
 12683 | D:10     | Noticed a rust devil
 12685 | D:10     | Noticed an orange demon
 12749 | D:10     | Noticed a sixfirhy
 13464 | D:9      | Reached XP level 11. HP: 48/92 MP: 6/19
 13599 | D:9      | Bought a bloodstained broad axe for 315 gold pieces
 13599 | D:9      | Identified the +6 broad axe of Pyosma {elec, rPois rF++
                  | rCorr Int-5} (You bought it in a shop on level 9 of the
                  | Dungeon)
 13661 | Orc:1    | Entered Level 1 of the Orcish Mines
 13666 | Orc:1    | Noticed an orc knight
 13676 | D:9      | Reached skill level 1 in Alchemy
 14843 | D:10     | Identified the +2 pair of boots of Ocsec {Fly rN+ Will-
                  | Dex+7}
 15329 | D:10     | Identified the +0 cloak "Giteylas" {rPois rC- MP+9 Int+3}
 15568 | D:10     | Identified the +0 robe of Iplapn {Str+4}
 15606 | D:10     | Killed a brown ugly thing
 15973 | D:11     | Noticed Josephine
 16229 | D:11     | Reached skill level 1 in Stealth
 16229 | D:11     | Reached skill level 6 in Spellcasting
 16229 | D:11     | Reached skill level 5 in Necromancy
 16322 | D:11     | Killed a two-headed ogre
 16484 | Lair:1   | Entered Level 1 of the Lair of Beasts
 16663 | Lair:1   | Noticed Nergalle
 16663 | Lair:1   | Noticed a catoblepas
 16898 | Lair:1   | Noticed Sonja
 16933 | Lair:1   | Learned a level 5 spell: Irradiate
 16943 | Lair:1   | Noticed Fannar
 17313 | Lair:1   | Reached skill level 5 in Conjurations
 17361 | Lair:1   | Reached XP level 12. HP: 69/103 MP: 19/21
 17488 | Lair:1   | Killed a catoblepas
 17520 | Lair:1   | Killed Sonja
 19019 | Orc:1    | Paralysed by an orc sorcerer for 5 turns
 19920 | D:3      | Killed Terence
 20161 | D:11     | Killed a two-headed ogre
 20414 | D:11     | Killed Josephine
 20527 | Lair:1   | Killed Nergalle
 20528 | Lair:1   | Reached skill level 10 in Axes
 21114 | Lair:1   | Learned a level 2 spell: Mercury Vapours
 21118 | Lair:1   | Learned a level 3 spell: Mephitic Cloud
 21348 | Lair:1   | Killed Fannar
 21603 | Lair:2   | Found a gate leading to a gauntlet.
 21645 | Lair:2   | You are sucked into a shaft and drop 2 floors!
 21715 | Gauntlet | Entered a Gauntlet
 21715 | Gauntlet | Found a transporter.
 21719 | Gauntlet | Found a transporter.
 21723 | Gauntlet | Found a transporter.
 21728 | Gauntlet | Found a transporter.
 21731 | Gauntlet | Found a runed translucent gate.
 21731 | Gauntlet | Found a runed translucent gate.
 21734 | Gauntlet | Found a runed translucent gate.
 21734 | Gauntlet | Found a transporter.
 21738 | Gauntlet | Found a transporter.
 21743 | Gauntlet | Found a transporter.
 21747 | Gauntlet | Found a transporter.
 21750 | Gauntlet | Found a transporter.
 21753 | Gauntlet | Noticed a death scarab
 21754 | Gauntlet | Noticed a death scarab
 21755 | Gauntlet | Found a transporter.
 21762 | Gauntlet | Found a transporter.
 21766 | Gauntlet | Found a transporter.
 21772 | Gauntlet | Found a transporter.
 21774 | Gauntlet | Found a transporter.
 21903 | Gauntlet | Reached skill level 7 in Spellcasting
 21953 | Gauntlet | Reached XP level 13. HP: 107/111 MP: 21/23
 22084 | Gauntlet | Reached skill level 5 in Shields
 22088 | Gauntlet | Reached skill level 1 in Ice Magic
 22454 | Gauntlet | Noticed a minotaur
 22468 | Gauntlet | Killed a minotaur
 22770 | Lair:2   | Reached skill level 5 in Translocations
 23019 | Lair:2   | Learned a level 3 spell: Frozen Ramparts
 23630 | Lair:2   | Found a staircase to the Swamp.
 23859 | Lair:2   | Reached skill level 5 in Alchemy
 24020 | Lair:3   | Reached skill level 8 in Spellcasting
 24414 | Lair:3   | Reached skill level 10 in Fighting
 24457 | Lair:3   | Reached XP level 14. HP: 109/121 MP: 26/26
 24650 | Lair:3   | Identified the +1 long sword of Huesm {flame, rCorr Int+2}
 24978 | Lair:3   | Found a hole to the Spider Nest.
 25543 | Lair:4   | Found a staircase to the Slime Pits.
 26356 | Lair:5   | Entered Level 5 of the Lair of Beasts
 26878 | Lair:4   | Reached skill level 9 in Spellcasting
 28192 | Lair:5   | Reached skill level 5 in Air Magic
 28199 | Lair:5   | Reached skill level 1 in Evocations
 28497 | D:11     | Bought the +4 skin of Zhor {*Englaciate rC+++ SInv} for
                  | 1995 gold pieces
 28497 | D:11     | Found the +4 skin of Zhor {*Englaciate rC+++ SInv}
 28571 | Orc:2    | Entered Level 2 of the Orcish Mines
 28676 | Orc:2    | Found Badaofu's Weapon Boutique.
 28697 | Orc:1    | Reached skill level 5 in Ice Magic
 28715 | Orc:1    | Learned a level 5 spell: Freezing Cloud
 28822 | Orc:2    | Reached XP level 15. HP: 129/129 MP: 26/28
 29738 | Orc:2    | Found Maorreg's Weapon Boutique.
 29739 | Orc:2    | Found Ihan's Distillery.
 29749 | Orc:2    | Found Sorum's Antique Weapon Shop.
 29762 | Orc:2    | Noticed knightboat's ghost (journeyman MDEE)
 29762 | Orc:2    | Identified the +1 dire flail "Pithrat" {freeze, rElec rC+
                  | Int+3}
 29762 | Orc:2    | Identified the +1 giant club of the Turnip {drain, +Blink
                  | Dex+3}
 29764 | Orc:2    | Found a transporter.
 29768 | Orc:2    | Found a transporter.
 29829 | Orc:2    | Found a staircase to the Elven Halls.
 29955 | Orc:2    | Killed knightboat's ghost
 30366 | D:12     | Reached skill level 10 in Spellcasting
 30513 | D:12     | Found an ornate altar of the Wu Jian Council.
 30651 | D:12     | Noticed Ibipan's ghost (journeyman MfIE)
 30758 | D:12     | Killed Ibipan's ghost
 31013 | D:12     | Reached skill level 5 in Dodging
 32030 | D:13     | Found an iron altar of Okawaru.
 32464 | D:14     | Identified the ring "Gucidex" {Fly Int+3 Dex+3}
 32605 | D:14     | Noticed Rupert
 33295 | D:14     | Killed Rupert
 33631 | D:14     | Reached XP level 16. HP: 85/139 MP: 16/30
 33884 | D:14     | Found a gate to the Vaults.
 34110 | D:15     | Entered Level 15 of the Dungeon
 34632 | D:15     | Found a staircase to the Depths.
 34647 | D:15     | Bought a smouldering cloak for 218 gold pieces
 34647 | D:15     | Identified the +0 cloak of the Planets {rN+ Int+2 Dex+3}
                  | (You bought it in a shop on level 15 of the Dungeon)
 34647 | D:15     | Bought a scroll of identify for 46 gold pieces
 34659 | D:15     | Bought a scroll of amnesia for 56 gold pieces
 34659 | D:15     | Bought a scroll of identify for 28 gold pieces
 34659 | D:15     | Bought a scroll of identify for 28 gold pieces
 34662 | D:15     | Identified a scroll of acquirement
 34777 | D:15     | Acquired the +1 broad axe of Responsibility {flame, rElec
                  | Str+3 Dex+5}
 35043 | Abyss:3  | Found a corrupted altar of Lugonu.
 35043 | Abyss:3  | Cast into level 3 of the Abyss (an occultist)
 35201 | Abyss:3  | Found a corrupted altar of Lugonu.
 35234 | Abyss:3  | Reached skill level 11 in Spellcasting
 35239 | Abyss:3  | Found a corrupted altar of Lugonu.
 35415 | Abyss:3  | Found a corrupted altar of Lugonu.
 35463 | D:15     | Escaped the Abyss
 36448 | Swamp:1  | Entered Level 1 of the Swamp
 37224 | Swamp:2  | Identified the +7 rapier "Pebret" {freeze, rF+++ Will-
                  | Int+4}
 37987 | Swamp:3  | Noticed a thorn hunter
 38689 | Swamp:3  | Killed a thorn hunter
 39429 | Swamp:3  | Reached XP level 17. HP: 138/148 MP: 32/32
 39525 | Swamp:3  | Paralysed by a fenstrider witch for 5 turns
 39895 | Swamp:4  | Entered Level 4 of the Swamp
 39903 | Swamp:4  | Identified the serpent talisman "Ruetodept" {rN+}
 39903 | Swamp:4  | Noticed Aizul
 40100 | Swamp:3  | Learned a level 4 spell: Sticky Flame
 40118 | Swamp:4  | Killed Aizul
 40538 | Swamp:4  | Noticed Mlioglotl
 40616 | Swamp:4  | Killed Mlioglotl
 41596 | Swamp:4  | Reached skill level 12 in Spellcasting
 41776 | Swamp:4  | Noticed Louise
 41823 | Swamp:4  | Reached skill level 5 in Throwing
 41928 | Swamp:4  | Killed Louise
 42444 | Swamp:4  | Got a decaying rune of Zot
 42600 | D:11     | Bought a manual of Fighting for 1280 gold pieces
 42667 | Spider:1 | Entered Level 1 of the Spider Nest
 45293 | Spider:1 | Reached XP level 18. HP: 158/159 MP: 29/34
 46022 | Spider:2 | Reached skill level 13 in Spellcasting
 46798 | Spider:3 | Identified the +0 robe "Vogecke" {+Blink rC+ rCorr Int+6}
 46948 | Spider:3 | Reached skill level 10 in Shields
 47252 | Spider:3 | Learned a level 4 spell: Ignite Poison
 48577 | Spider:3 | Learned a level 4 spell: Olgreb's Toxic Radiance
 48998 | Spider:4 | Entered Level 4 of the Spider Nest
 49321 | Spider:4 | Identified the +0 ring mail "Wuecischo" {rElec SInv}
 49522 | Spider:4 | Reached skill level 1 in Fire Magic
 50573 | Spider:4 | Reached skill level 15 in Fighting
 50899 | Spider:4 | Got a gossamer rune of Zot
 51372 | Vaults:1 | Entered Level 1 of the Vaults
 51480 | Vaults:1 | Identified the +5 ring mail of Dull Amelioration {Str+6}
 51485 | Vaults:1 | Found Ycoffaan's Antique Weapon Emporium.
 51494 | Vaults:1 | Reached skill level 14 in Spellcasting
 51982 | Vaults:1 | Identified the +9 chain mail of the Cuttlefish {Harm
                  | +Blink}
 52243 | Vaults:1 | Reached XP level 19. HP: 170/170 MP: 35/37
 52345 | Vaults:1 | Reached skill level 1 in Polearms
 52916 | Vaults:1 | Bought the +8 lance "Wyrmbane" {slay drac, rPois rF+ rC+
                  | AC+3} for 3393 gold pieces
 52916 | Vaults:1 | Found the +8 lance "Wyrmbane" {slay drac, rPois rF+ rC+
                  | AC+3}
 53921 | Vaults:1 | Paralysed by an ogre mage for 4 turns
 54804 | Vaults:2 | Identified the +4 dagger of Extremism {protect, +Blink
                  | Will++}
 54917 | Vaults:2 | Reached skill level 15 in Spellcasting
 55964 | Vaults:2 | Found a staircase to the Crypt.
 56269 | Vaults:3 | Noticed Saint Roka
 56281 | Vaults:3 | Killed Saint Roka
 56746 | Vaults:3 | Found a large runed translucent door.
 56746 | Vaults:3 | Found a large runed translucent door.
 56746 | Vaults:3 | Found a large runed translucent door.
 56746 | Vaults:3 | Found a large runed translucent door.
 56746 | Vaults:3 | Found a large runed translucent door.
 56746 | Vaults:3 | Found a large runed translucent door.
 56746 | Vaults:3 | Noticed Jyghoireu's ghost (veteran HOMo)
 56747 | Vaults:3 | Found a large runed translucent door.
 56747 | Vaults:3 | Found a large runed translucent door.
 56767 | Vaults:3 | Reached XP level 20. HP: 181/182 MP: 20/39
 57525 | Vaults:3 | Found Qilub's Armour Boutique.
 57539 | Vaults:3 | Learned a level 7 spell: Ozocubu's Refrigeration
 57539 | Vaults:3 | Upgraded the game from 0.32-a0-913-g739538afd8 to
                  | 0.32-a0-918-g0f22ef8d61
 57744 | Vaults:3 | Reached skill level 5 in Polearms
 59046 | Vaults:4 | Reached skill level 10 in Ice Magic
 59385 | Vaults:4 | Identified the +8 battleaxe of the Modern People {protect,
                  | *Rage rN+ MP+9 Str+5}
 59546 | Vaults:4 | Reached skill level 16 in Spellcasting
 59712 | Vaults:4 | Paralysed by a sphinx for 3 turns
 59714 | Vaults:4 | Reached skill level 10 in Alchemy
 59925 | Vaults:3 | Bought the +8 orange crystal plate armour {Archmagi, Int+3
                  | Clar} for 2601 gold pieces
 59925 | Vaults:3 | Found the +8 orange crystal plate armour {Archmagi, Int+3
                  | Clar}
 61506 | Vaults:4 | Reached XP level 21. HP: 157/192 MP: 31/41
 62161 | Elf:1    | Entered Level 1 of the Elven Halls
 62309 | Elf:1    | Found a runed translucent door.
 62310 | Elf:1    | Noticed Zuruzy's ghost (journeyman MiBe)
 62565 | Elf:1    | Paralysed by an air elemental for 1 turns
 62571 | Elf:1    | Paralysed by an air elemental for 1 turns
 63445 | Elf:1    | Got the Folio of Summoned Destruction
 63737 | Elf:1    | Killed Zuruzy's ghost
 63969 | Abyss:3  | Cast into level 3 of the Abyss (a deep elf demonologist)
 63984 | Abyss:3  | Found a sacrificial altar of Ru.
 64099 | Abyss:3  | Reached skill level 10 in Armour
 64364 | Abyss:3  | Found a corrupted altar of Lugonu.
 64452 | Abyss:3  | Gained mutation: You have a pair of small antennae on your
                  | head. [a neqoxec]
 64478 | Elf:2    | Escaped the Abyss
 65128 | Elf:2    | Found a runed translucent gate.
 65129 | Elf:2    | Found a runed translucent gate.
 65129 | Elf:2    | Found a runed translucent gate.
 65814 | Crypt:1  | Entered Level 1 of the Crypt
 65867 | Crypt:1  | Noticed an ancient lich
 65870 | Crypt:1  | Noticed Xisuak's ghost (veteran GrEE)
 65874 | Crypt:1  | Found a runed translucent gate.
 65874 | Crypt:1  | Found a runed translucent gate.
 65874 | Crypt:1  | Found a runed translucent gate.
 66000 | Crypt:1  | Noticed Sojobo
 66018 | Crypt:1  | Killed Sojobo
 67051 | Crypt:1  | Paralysed by a vampire knight for 5 turns
 67259 | Crypt:1  | Reached skill level 10 in Conjurations
 68235 | Crypt:1  | Reached skill level 17 in Spellcasting
 68446 | Crypt:2  | Paralysed by something for 2 turns
 69731 | Crypt:2  | Identified the +2 robe of Azoec {rPois Will- rCorr SInv}
 69740 | Crypt:2  | Reached XP level 22. HP: 194/204 MP: 43/43
 70308 | Crypt:3  | Entered Level 3 of the Crypt
 70372 | Crypt:3  | Noticed Xtahua
 70378 | Crypt:3  | Paralysed by Xtahua for 3 turns
 71838 | Crypt:3  | Paralysed by Xtahua for 3 turns
 71972 | Crypt:3  | Found a staircase to the Tomb.
 72423 | Crypt:3  | Paralysed by Xtahua for 4 turns
 72426 | Crypt:3  | Identified the ring "Qalon" {Fire rElec rPois rN++ Str-5
                  | Int+3}
 72528 | Crypt:3  | Found a basalt altar of Yredelemnul.
 72796 | Crypt:3  | Reached skill level 5 in Fire Magic
 72927 | Crypt:3  | Identified the ring "Qiygeger" {rElec rC- rN++ Will+}
 72932 | Crypt:3  | Identified the staff of the Witching Rat {rN+ Int+2 Ice
                  | Earth}
 74409 | Depths:1 | Entered Level 1 of the Depths
 75764 | Depths:1 | Found a gateway to Hell.
 76089 | Depths:1 | Found a shimmering altar of Xom.
 76249 | Depths:2 | Reached skill level 18 in Spellcasting
 76770 | Depths:2 | Found a one-way gate leading to the halls of Pandemonium.
 77149 | Depths:2 | Found a stormy altar of Qazlal.
 77305 | Depths:2 | You are sucked into a shaft and drop 2 floors!
 77305 | Depths:4 | Entered Level 4 of the Depths
 77305 | Depths:4 | Found a one-way gateway to a ziggurat.
 77581 | Depths:4 | Reached XP level 23. HP: 213/213 MP: 42/45
 79525 | Depths:3 | Found a one-way gate to the infinite horrors of the Abyss.
 80157 | Depths:3 | Identified the +1 leather armour "Isaseod" {^Drain Str+9
                  | Int+4}
 81593 | Crypt:3  | Killed Xtahua
 81672 | Crypt:3  | Learned a level 7 spell: Orb of Destruction
 82899 | Elf:3    | Entered Level 3 of the Elven Halls
 83054 | Elf:3    | Reached skill level 10 in Polearms
 85318 | Elf:3    | Paralysed by an air elemental for 1 turns
 85325 | Elf:3    | Identified the amulet of Qegg {Regen+ rCorr Dex+6}
 85400 | Elf:3    | Identified the +0 chain mail of Yczeti {Str+3 Dex+3}
 85401 | Elf:3    | Identified the +1 trident "Cihab" {drain, Int+4}
 85410 | Elf:3    | Identified the +5 arbalest of Integrity {antimagic, Will+
                  | rCorr Int-5 Stlth+}
 85675 | Slime:1  | Entered Level 1 of the Pits of Slime
 85693 | Slime:1  | Reached skill level 19 in Spellcasting
 85922 | Slime:1  | Gained mutation: Your magical capacity is low. (-10% MP) [a
                  | shining eye]
 86651 | Slime:2  | Gained mutation: You are vulnerable to cold. (rC-) [a
                  | shining eye]
 86682 | Slime:2  | Reached skill level 1 in Earth Magic
 87256 | Slime:2  | Gained mutation: You are very vulnerable to cold. (rC--) [a
                  | shining eye]
 87434 | Slime:3  | Reached XP level 24. HP: 223/223 MP: 41/41
 88464 | Lair:2   | Lost mutation: Your magical capacity is low. (-10% MP)
                  | [potion of mutation]
 88464 | Lair:2   | Lost mutation: You are very vulnerable to cold. (rC--)
                  | [potion of mutation]
 88464 | Lair:2   | Lost mutation: You have a pair of small antennae on your
                  | head. [potion of mutation]
 88464 | Lair:2   | Gained mutation: You have a pair of small horns on your
                  | head. [potion of mutation]
 88464 | Lair:2   | Gained mutation: You occasionally shout uncontrollably at
                  | your foes. [potion of mutation]
 88464 | Lair:2   | Gained mutation: Your health recovers twice as slowly from
                  | being drained. [potion of mutation]
 88465 | Lair:2   | Lost mutation: You occasionally shout uncontrollably at
                  | your foes. [potion of mutation]
 88465 | Lair:2   | Lost mutation: You are vulnerable to cold. (rC-) [potion of
                  | mutation]
 88465 | Lair:2   | Gained mutation: You have hidden genetic potential. [potion
                  | of mutation]
 88465 | Lair:2   | Gained mutation: You have a pair of horns on your head.
                  | [potion of mutation]
 89276 | Slime:5  | Entered Level 5 of the Pits of Slime
 89682 | Slime:5  | Paralysed by a formless jellyfish for 1 turns
 89948 | Slime:5  | Noticed Dissolution
 90163 | Slime:3  | Killed Dissolution
 90500 | Slime:5  | Noticed the Royal Jelly
 91118 | Slime:5  | Found a viscous altar of Jiyva.
 91604 | Elf:3    | Learned a level 4 spell: Iskenderun's Mystic Blast
 91954 | Depths:4 | Noticed Margery
 91964 | Depths:4 | Killed Margery
 92106 | Depths:4 | Identified the orb "Meaqis" {*channel, +Inv rElec rPois}
 92106 | Depths:4 | Noticed Frederick
 92118 | Depths:3 | Killed Frederick
 92273 | Depths:4 | Found a corrupted altar of Lugonu.
 92424 | Depths:4 | Found a gate to the Realm of Zot.
 92546 | Depths:4 | Identified the +4 robe of the Sea {rPois rC+ Regen+ Str+3}
 92546 | Depths:4 | Noticed Boris
 92568 | Depths:4 | Killed Boris
 92702 | Depths:4 | Gained mutation: You are frail. (-10% HP) [a shining eye]
 93624 | Vaults:5 | Entered Level 5 of the Vaults
 93630 | Vaults:5 | Reached skill level 5 in Earth Magic
 93633 | Vaults:5 | Reached skill level 20 in Spellcasting
 94150 | Vaults:5 | Found Kakorr's Jewellery Shop.
 94151 | Vaults:5 | Noticed a dread lich
 94160 | Vaults:5 | Reached XP level 25. HP: 69/207 MP: 26/47
 94164 | Vaults:5 | Killed a dread lich
 94339 | Vaults:5 | Gained mutation: You have great hidden genetic potential.
                  | [hidden potential]
 94696 | Abyss:4  | Cast into level 4 of the Abyss (a deep elf sorcerer)
 94713 | Abyss:4  | Found a corrupted altar of Lugonu.
 94735 | Abyss:4  | Paralysed by a chaos spawn for 1 turns
 94902 | Vaults:5 | Escaped the Abyss
 96270 | Vaults:5 | Noticed a dread lich
 96270 | Vaults:5 | Noticed Mennas
 96275 | Vaults:4 | Killed a dread lich
 96324 | Vaults:4 | Killed Mennas
 97248 | Vaults:5 | Reached skill level 21 in Spellcasting
 98093 | Vaults:5 | Found Niskeigo's Book Shoppe.
 98172 | Vaults:5 | Found Desiysim's General Store.
 98173 | Vaults:5 | Found Gunos's Distillery.
 98431 | Vaults:5 | Got a silver rune of Zot
 98820 | Vaults:5 | Found Funa's Jewellery Boutique.
 99008 | Vaults:5 | Found Goef's Antique Armour Boutique.
 99023 | Vaults:5 | Found Jyqux's Magic Scroll Boutique.
 99049 | Vaults:5 | Found Qoqoux's Distillery.
 99147 | Vaults:5 | Bought a pair of glowing gloves for 247 gold pieces
 99165 | Vaults:5 | Learned a level 5 spell: Lee's Rapid Deconstruction
 99254 | Vaults:5 | Bought a potion of heal wounds for 80 gold pieces
 99254 | Vaults:5 | Bought a potion of heal wounds for 80 gold pieces
 99254 | Vaults:5 | Bought a potion of heal wounds for 80 gold pieces
 99254 | Vaults:5 | Bought 2 potions of heal wounds for 160 gold pieces
 99699 | Vaults:5 | Bought a scroll of teleportation for 51 gold pieces
 99907 | D:15     | Bought a scroll of teleportation for 42 gold pieces
 99925 | D:15     | Bought an embroidered hat for 266 gold pieces
 99937 | D:15     | Bought a scroll of enchant armour for 105 gold pieces
 99960 | D:15     | Bought a pair of polished boots for 408 gold pieces
 99960 | D:15     | Identified the +0 pair of boots of the Mantidfly {Fly
                  | rElec} (You bought it in a shop on level 15 of the Dungeon)
100525 | Zot:1    | Entered Level 1 of the Realm of Zot
100592 | Zot:1    | Reached skill level 15 in Armour
100700 | Zot:1    | Noticed a dread lich
100708 | Zot:1    | Killed a dread lich
100714 | Zot:1    | Noticed a dread lich
100719 | Zot:1    | Noticed a dread lich
100719 | Zot:1    | Noticed a dread lich
100724 | Zot:1    | Paralysed by a dread lich for 3 turns
100728 | Zot:1    | Killed a dread lich
100729 | Zot:1    | Noticed a dread lich
100899 | Zot:1    | Reached XP level 26. HP: 192/215 MP: 45/48
100903 | Zot:1    | Learned a level 3 spell: Vampiric Draining
100954 | Zot:1    | Found a transporter.
101096 | Zot:1    | Killed a dread lich
101176 | Zot:1    | Killed a dread lich
101190 | Zot:1    | Lost mutation: You are frail. (-10% HP) [hidden potential]
101190 | Zot:1    | Lost mutation: You have great hidden genetic potential.
                  | [hidden potential expressed]
101398 | Zot:1    | Killed a dread lich
101453 | Zot:1    | Found a transporter.
101505 | Zot:1    | Identified the ring of Kusyacin {rElec rF+ rCorr Int+3}
101843 | Vaults:5 | Bought an amulet of magic regeneration for 630 gold pieces
102706 | Zot:1    | Found a transporter.
102727 | Zot:1    | Found a transporter.
102813 | Zot:1    | Gained mutation: You are frail. (-10% HP) [mutagenic glow]
103223 | Zot:1    | Reached skill level 10 in Necromancy
104690 | Zot:2    | Reached skill level 22 in Spellcasting
104891 | Zot:2    | Noticed an orb of fire
104891 | Zot:2    | Gained mutation: You occasionally lose the ability to read
                  | scrolls when taking damage. [an orb of fire]
104937 | Zot:2    | Gained mutation: Your muscles are strong. (Str +4, Int/Dex
                  | -1) [an orb of fire]
105444 | Lair:2   | Lost mutation: Your muscles are strong. (Str +4, Int/Dex
                  | -1) [potion of mutation]
105444 | Lair:2   | Lost mutation: You occasionally lose the ability to read
                  | scrolls when taking damage. [potion of mutation]
105444 | Lair:2   | Gained mutation: You are agile. (Dex +4, Str/Int -1)
                  | [potion of mutation]
105444 | Lair:2   | Gained mutation: Your mind is acute. (Int +4, Str/Dex -1)
                  | [potion of mutation]
105584 | Slime:5  | Killed the Royal Jelly
105897 | Slime:5  | Identified the +0 leather armour of Dadanib {+Inv rElec
                  | Int+2 Stlth+}
105970 | Slime:5  | Got Coduoxoc's Incunable of Bones
106031 | Slime:5  | Identified the +7 halberd of the Desolation of Salt {flame,
                  | ^Drain rElec Int+2}
106071 | Slime:5  | Got Limyogig's Incunable of Fatal Ill Luck
106071 | Slime:5  | Got the Omnibus of Maleficent Mysteries
106102 | Slime:5  | Got a slimy rune of Zot
107163 | Zot:2    | Killed an orb of fire
107540 | Zot:2    | Reached skill level 10 in Earth Magic
110195 | Zot:4    | Reached XP level 27. HP: 220/221 MP: 49/49
110204 | Zot:4    | Learned a level 3 spell: Fugue of the Fallen
110594 | Zot:4    | Gained mutation: You are weak. (Str -2) [mutagenic glow]
110851 | Zot:4    | Gained mutation: You have large cloven feet. [hidden
                  | potential]
111606 | Zot:5    | Entered Level 5 of the Realm of Zot
112008 | Zot:5    | Found the +4 dragonskin cloak {Aegis}
112008 | Zot:5    | Noticed Tiamat
112028 | Zot:5    | Killed from afar by a white draconian stormcaller

Illustrated notes

Levels and vault maps discovered:
D:1:      minmay_arrival_three_doors, layout_rooms, serial_shops,
          nicolae_shop_hallway_plus, chequers_ecumenical_altar_simple
D:2:      layout_basic
D:3:      layout_loops_cross, nicolae_gozag_seed_capital, uniq_terence,
          uniq_jessica
D:4:      layout_cave_pools, nicolae_ossuary_entry_plus, minmay_quantized
D:5:      layout_basic, tso_oasis_becter, minmay_temple_entry_arrows
D:6:      layout_basic, mainiacjoe_overflow_catwalk, kennysheep_mini,
          uniq_crazy_yiuf_cottage, uniq_pikel
D:7:      layout_basic
D:8:      layout_layer_cave, lemuel_tele_altar, grunt_temple_overflow_open,
          hangedman_misty_isle
D:9:      layout_basic, minmay_orc_entry_guard_dogs
D:10:     layout_rooms, serial_demonic, serial_demonic_b, serial_demonic_d,
          serial_demonic_e, serial_demonic_c
D:11:     layout_small_grid, dpeg_oklobed_lair, uniq_josephine
D:12:     layout_irregular_city, gammafunk_ghost_icy,
          pdpol_wu_jian_five_deadly_venoms
D:13:     layout_stronghold, okawaru_trees_1
D:14:     layout_loops_ring, skrybe_vaults_entry_preservation,
          dreamdust_mushroom_princess, uniq_rupert
D:15:     grunt_enter_depths_hoard, layout_basic, minmay_door_square
Temple:   nicolae_temple_superstar
Lair:1:   layout_roguey, fungi_pond_lemuel, wad_woods_01, uniq_nergalle,
          uniq_fannar, uniq_sonja
Lair:2:   layout_long_grid, swamp_mist, gauntlet_entry_generic,
          amcnicky_mini_pool_medium
Lair:3:   regret_index_bee_streams, layout_chaotic_city,
          hellmonk_spider_entry_not_the_bees, serial_bayou_shore_a,
          grunt_megastairs_3, infiniplex_staircase_pool_2
Lair:4:   layout_regular_city, minmay_slime_entry_jelly_boxes,
          roderic_carrion_pond
Lair:5:   evilmike_catoblepas_cave, layout_gridlike
Swamp:1:  layout_basic_swamp, wheals_swamp_sinkhole
Swamp:2:  layout_basic_swamp, hangedman_swamp_ruin_hall
Swamp:3:  nicolae_swamp_ascending_descending_big, layout_basic_swamp,
          nicolae_swamp_decorative_isthmus, nicolae_swamp_wisp_ring_woods
Swamp:4:  swamp_vile, layout_basic_swamp, infiniplex_staircase_pool, uniq_aizul,
          uniq_mlioglotl, uniq_louise
Spider:1: layout_spider_delve
Spider:2: layout_spider_delve, nicolae_spider_some_kinda_spiderbox
Spider:3: layout_spider_delve, hangedman_spider_tarantella_strand
Spider:4: guppyfry_spider_rune
Slime:1:  layout_caves, nicolae_slime_barrier
Slime:2:  layout_caves
Slime:3:  layout_caves
Slime:4:  cheibrodos_slime_lost_civilization_10, layout_caves
Slime:5:  slime_pit_nicolae_block_by_block, uniq_dissolution
Orc:1:    layout_caves, einodemon_armed_red_devil_minivault
Orc:2:    st_orc_open, layout_caves, gammafunk_ghost_smash
Elf:1:    minmay_elf_arrival_plus, layout_onion_city,
          hellmonk_ghost_happy_afterlife, minmay_elf_sorcery, grunt_ministairs_5
Elf:2:    nicolae_elf_blades_crystal_corner, layout_geoelf_octagon
Elf:3:    elf_hall_gauntlet_wide, layout_geoelf_castle, serial_aquarium,
          aquarium_bridge_straight [aquarium_subvault_bridge,
          aquarium_subvault_wall, aquarium_subvault_bridge,
          aquarium_subvault_wall], aquarium_bridge_square
          [aquarium_subvault_window, aquarium_subvault_wall,
          aquarium_subvault_bridge, aquarium_subvault_wall],
          aquarium_window_corridor_2, aquarium_window_2, aquarium_window_1,
          aquarium_view_2c, aquarium_view_2c, aquarium_balcony_double_1,
          aquarium_pool_1
Vaults:1: nicolae_vaults_triangles, nicolae_vaults_six-pack, lemuel_ogre_cave,
          nicolae_vaults_doubleplus_tesselated, hangedman_vaults_cutoff,
          nicolae_vaults_double_plus_1, vaults_dpeg_spiral,
          layout_vaults_omnicross, serial_shops, nicolae_shop_tiny_glass
Vaults:2: nicolae_vaults_heist, grunt_vaults_hallway_long,
          nicolae_vaults_frosty_reception, minmay_crypt_entry_simple_round,
          nicolae_vaults_big_ls, hangedman_vaults_slice,
          nicolae_vaults_more_shelving_2, v_pattern_1, v_alt_pattern_1,
          nicolae_vaults_diamond_1, layout_vaults_big_room
Vaults:3: advil_vaults_ghost_lines, nicolae_vaults_mitosis,
          nicolae_vaults_wrenched, nicolae_vaults_security_offices_5,
          nicolae_vaults_taking_the_gang_shopping,
          nicolae_vaults_little_squares_1, vaults_dpeg_encased_lava,
          nicolae_vaults_little_squares_1, layout_vaults_quadrants,
          uniq_saint_roka
Vaults:4: v_misc_29, nicolae_vaults_shipping_containers_5,
          hangedman_vaults_restitches, v_misc_9, v_misc_2, v_misc_30,
          nicolae_vaults_little_ls, vaults_standard_mumra_enter_the_diamond,
          ontoclasm_vaults_ring_small, nicolae_vaults_tetromino_L_2,
          vaults_room_door_ring, nicolae_vaults_house_3, vaults_dpeg_ring,
          ontoclasm_vaults_loading_screen, layout_vaults_maze
Vaults:5: uniq_mennas
Crypt:1:  layout_catacombs, gammafunk_ghost_split, grunt_crypt_arrival_split,
          uniq_sojobo
Crypt:2:  layout_regular_city, nicolae_crypt_statuary_hall, uniq_josephina
Crypt:3:  evilmike_haunted_forest, uniq_xtahua
Depths:1: nicolae_cairo_tiling_large, layout_gridville,
          hangedman_tar_grid_catacomb, nicolae_zig_zag_zippers, tgw_xom
Depths:2: nicolae_cairo_tiling_large_dashed, layout_small_grid,
          nicolae_qazlal_general_emergency, pan_entry, hangedman_coc_ice_floe,
          grunt_ministairs_2, infiniplex_staircase_door_maze,
          serial_bayou_shore_b
Depths:3: minmay_the_grid_square_5x5_3x3 [minmay_the_grid_square_5x5_six_small,
          minmay_the_grid_square_5x5_inverted_slash,
          minmay_the_grid_square_5x5_comb,
          minmay_the_grid_square_5x5_beaten_path,
          minmay_the_grid_square_5x5_megaprize_crossed,
          minmay_the_grid_square_5x5_one_wall,
          minmay_the_grid_square_5x5_n_small,
          minmay_the_grid_square_5x5_pentomino_r,
          minmay_the_grid_square_5x5_gyroscope], layout_long_grid,
          abyss_entry_glasseish, hangedman_geh_valley
Depths:4: evilmike_zot_entry_basic, layout_long_grid, enter_ziggurat_f,
          abyss_entry_flame_altar, nicolae_hell_entry_hellmouth_sunbeams,
          glass_columns_b, uniq_margery, uniq_boris, uniq_frederick
Zot:1:    hellmonk_paralyzer, layout_onion_interference, drop_trap,
          nicolae_transporter_intersection
Zot:2:    layout_concentric_octagons, regret_index_zotdec_banners
Zot:3:    layout_gridville, grunt_ministairs_11, nicolae_zot_crop_circle,
          regret_index_zotdec_twisting_globes
Zot:4:    layout_twisted_circle
Zot:5:    layout_basic, uniq_tiamat

Skill      XL: |  1  2  3  4  5  6  7  8  9 10 11 12 13 14 15 16 17 18 19 20 21 22 23 24 25 26 27 |
---------------+----------------------------------------------------------------------------------+-----
Axes           | 3 4 5 6 8 9 10 11 12 13 14 | 14.4
Spellcasting   | 2 3 4 5 6 7 8 9 10 11 12 14 15 16 17 18 19 20 21 22 | 22.7
Armour         | 2 3 5 6 7 8 9 10 12 14 15 | 15.5
Translocations | 3 4 5 6 7 8 |  8.6
Fighting       | 3 4 6 7 8 9 10 11 12 13 15 16 17 18 19 20 | 20.2
Dodging        | 2 3 4 5 6 |  6.1
Air Magic      | 1 2 4 5 6 7 8 |  8.6
Throwing       | 1 2 3 4 5 |  5.7
Short Blades   | 2 |  2.9
Necromancy     | 3 5 6 7 8 9 11 12 | 12.0
Conjurations   | 2 3 5 6 7 8 9 10 11 12 | 12.5
Shields        | 2 3 4 5 6 7 9 10 11 12 13 14 | 14.4
Alchemy        | 3 4 5 6 7 8 9 10 11 12 | 12.8
Stealth        | 1 2 3 4 |  4.3
Ice Magic      | 3 5 6 7 8 9 10 11 12 13 | 13.2
Evocations     | 1 |  1.3
Fire Magic     | 1 2 3 4 5 6 7 8 |  8.5
Polearms       | 4 6 7 9 10 11 | 11.8
Earth Magic    | 1 5 8 10 11 | 11.0

Action                     |  1- 3 |  4- 6 |  7- 9 | 10-12 | 13-15 | 16-18 | 19-21 | 22-24 | 25-27 || total
---------------------------+-------+-------+-------+-------+-------+-------+-------+-------+-------++-------
  Melee: Hand axe          |   224 |   371 |   118 |       |       |       |       |       |       ||   713
         Dagger            |       |       |   473 |    17 |    36 |   113 |    23 |       |     2 ||   664
         War axe           |       |       |   116 |   603 |   658 |    20 |       |       |       ||  1397
         Broad axe         |       |       |       |   148 |    96 |   658 |    19 |    19 |     1 ||   941
         Unarmed           |       |       |       |       |       |     4 |       |       |       ||     4
         Trident           |       |       |       |       |       |     3 |       |       |       ||     3
         Lance             |       |       |       |       |       |       |   574 |   955 |   661 ||  2190
         Headbutt          |       |       |       |       |       |       |       |    74 |   204 ||   278
  Throw: Dart              |     6 |     1 |    52 |    62 |    47 |    95 |    60 |    27 |     1 ||   351
         Boomerang         |       |       |       |     6 |   151 |    33 |    13 |    42 |    47 ||   292
         Javelin           |       |       |       |       |     6 |       |       |       |     3 ||     9
   Cast: Apportation       |       |     1 |    13 |    13 |   112 |   331 |   287 |   347 |   246 ||  1350
         Blink             |       |       |    12 |    23 |    15 |     5 |     5 |     6 |     6 ||    72
         Searing Ray       |       |       |    23 |    44 |     3 |     9 |    11 |    18 |     1 ||   109
         Irradiate         |       |       |       |     6 |    13 |    46 |    41 |    44 |    72 ||   222
         Mephitic Cloud    |       |       |       |     3 |    37 |    35 |    30 |     7 |     6 ||   118
         Vhi's Electric Ch |       |       |       |     3 |     1 |     5 |     7 |     1 |     1 ||    18
         Frozen Ramparts   |       |       |       |       |   102 |    84 |    58 |    65 |    50 ||   359
         Dispel Undead     |       |       |       |       |    17 |    12 |   109 |   126 |    36 ||   300
         Freezing Cloud    |       |       |       |       |    22 |    84 |    28 |    62 |    50 ||   246
         Mercury Vapours   |       |       |       |       |    11 |   173 |    80 |   111 |    45 ||   420
         Sticky Flame      |       |       |       |       |       |    11 |   108 |   123 |    98 ||   340
         Ignite Poison     |       |       |       |       |       |    39 |   112 |   124 |    49 ||   324
         Olgreb's Toxic Ra |       |       |       |       |       |    24 |    82 |    83 |    33 ||   222
         Ozocubu's Refrige |       |       |       |       |       |       |     3 |     2 |    10 ||    15
         Orb of Destructio |       |       |       |       |       |       |       |    10 |    24 ||    34
         Iskenderun's Myst |       |       |       |       |       |       |       |     1 |     7 ||     8
         Vampiric Draining |       |       |       |       |       |       |       |       |     7 ||     7
         Lee's Rapid Decon |       |       |       |       |       |       |       |       |     5 ||     5
 Invoke: Call Merchant     |       |       |       |     2 |     1 |     3 |       |     1 |     4 ||    11
  Evoke: Wand              |       |       |       |       |     8 |     8 |     3 |     1 |       ||    20
         Gell's gravitambo |       |       |       |       |     1 |       |       |       |       ||     1
         Lightning rod     |       |       |       |       |       |       |     1 |       |       ||     1
    Use: Scroll            |       |     5 |     7 |    18 |     8 |    12 |     4 |     6 |    14 ||    74
         Potion            |       |       |     2 |     5 |     2 |     4 |     4 |     6 |    15 ||    38
   Stab: Sleeping          |     1 |       |       |       |       |     1 |     3 |       |       ||     5
         Distracted        |       |       |       |     4 |     6 |     9 |     7 |     8 |     8 ||    42
         Confused          |       |       |       |     1 |    20 |    25 |     9 |     1 |       ||    56
 Armour: Leather armour    |   161 |    24 |       |       |       |       |       |       |       ||   185
         Ring mail         |       |   234 |   528 |   848 |   419 |       |       |       |       ||  2029
         Robe              |       |       |       |     4 |       |       |       |       |       ||     4
         Animal skin       |       |       |       |       |   194 |   839 |   238 |       |       ||  1271
         Skin              |       |       |       |       |       |     2 |       |       |       ||     2
         Crystal plate arm |       |       |       |       |       |       |   379 |   845 |   992 ||  2216
  Dodge: Dodged            |   137 |   185 |   339 |   510 |   372 |   546 |   192 |    71 |   120 ||  2472
  Block: Buckler           |       |       |       |   209 |   297 |   408 |   175 |       |       ||  1089
         Reflection        |       |       |       |       |       |       |    18 |    32 |       ||    50
         Kite shield       |       |       |       |       |       |       |   336 |   547 |   468 ||  1351

Table legend: (Time is in decaauts)
 A = Elapsed time spent in this place.
 B = Non-inter-level travel time spent in this place.
 C = Inter-level travel time spent in this place.
 D = Time resting spent in this place.
 E = Time spent auto-exploring this place.
 F = Levels seen in this place.
 G = Mean time per level.
                   A        B        C        D        E       F      G
               +--------+--------+--------+--------+--------+-----+--------+
         Total | 111435 | 101519 |   9916 |  43830 |  19498 |  61 | 1826.8 |
       Dungeon |  25260 |  22140 |   3120 |   7817 |   4357 |  15 | 1684.0 |
        Temple |    139 |    139 |      0 |    138 |      0 |   1 |  139.0 |
          Lair |   8549 |   7716 |    833 |   2625 |   1691 |   5 | 1709.8 |
         Swamp |   6098 |   5961 |    137 |   3052 |   1029 |   4 | 1524.5 |
   Spider Nest |   8549 |   8368 |    181 |   4631 |    842 |   4 | 2137.2 |
    Slime Pits |   6530 |   6214 |    316 |   2380 |   1474 |   5 | 1306.0 |
  Orcish Mines |   2886 |   2685 |    201 |    991 |    543 |   2 | 1443.0 |
   Elven Halls |   6768 |   6050 |    718 |   2357 |   1467 |   3 | 2256.0 |
        Vaults |  17036 |  14140 |   2896 |   7008 |   3196 |   5 | 3407.2 |
         Crypt |   8980 |   8587 |    393 |   3384 |   1422 |   3 | 2993.3 |
        Depths |   8437 |   7565 |    872 |   3770 |   1672 |   4 | 2109.2 |
           Zot |   8958 |   8714 |    244 |   4281 |   1805 |   5 | 1791.6 |
         Abyss |   1114 |   1114 |      0 |    436 |      0 |   3 |  371.3 |
       Ossuary |   1189 |   1189 |      0 |    533 |      0 |   1 | 1189.0 |
      Gauntlet |    934 |    934 |      0 |    422 |      0 |   1 |  934.0 |
               +--------+--------+--------+--------+--------+-----+--------+

Top non-repeatable levels by time:
Vaults:4: 5549 daAuts
 Crypt:3: 3977 daAuts
Vaults:1: 3760 daAuts
     D:9: 3645 daAuts
Spider:1: 3085 daAuts
Vaults:3: 3003 daAuts
Depths:3: 2903 daAuts
 Crypt:1: 2838 daAuts
   Elf:3: 2799 daAuts
Vaults:2: 2671 daAuts
    D:14: 2643 daAuts
Spider:3: 2577 daAuts
 Slime:5: 2519 daAuts
   Zot:1: 2485 daAuts
     D:8: 2440 daAuts
